 Dungeon Crawl Stone Soup version 0.21-a0-42-gb537e02 (webtiles) character file.

2014 roguesci the Ducker (level 9, -1/47 HPs)
             Began as a Vine Stalker Transmuter on June 5, 2017.
             Was an Initiate of Kikubaaqudgha.
             Slain by a five-headed hydra (16 damage)
             ... on level 6 of the Dungeon.
             The game lasted 00:26:14 (7490 turns).

roguesci the Ducker (Vine Stalker Transmuter)       Turns: 7490, Time: 00:26:15

Health: -1/47      AC:  2    Str: 13      XL:     9   Next: 22%
Magic:  0/16       EV: 24    Int: 16      God:    Kikubaaqudgha [......]
Gold:   419        SH:  0    Dex: 18 (20) Spells: 12/16 levels left

rFire    + . .     SeeInvis .     - Unarmed
rCold    . . .     Gourm    +   (shield currently unavailable)
rNeg     . . .     Faith    .   (armour currently unavailable)
rPois    x         Spirit   +   (helmet currently unavailable)
rElec    .         Reflect  .   (cloak currently unavailable)
rCorr    .         Harm     .   (gloves currently unavailable)
MR       +....                  (boots currently unavailable)
Stlth    ++++......             i - amulet of the gourmand
Regen    0.6/turn               G - ring of stealth
MPRegen  0.2/turn               F - ring of protection from fire

@: spider-form
A: rugged brown scales 1, regeneration 1, magic shield, no potion heal 3, rot
immunity
a: End Transformation, Renounce Religion


You were on level 6 of the Dungeon.
You worshipped Kikubaaqudgha.
Kikubaaqudgha was noncommittal.
You were full.
You were a venomous arachnid creature.
You visited 2 branches of the dungeon, and saw 8 of its levels.

You collected 419 gold pieces.

Inventory:

Hand Weapons
 f - a +5 whip of flaming (melded)
Missiles
 a - 12 arrows
 k - 231 stones (quivered)
Armour
 b - a +0 robe (melded)
 m - a +1 pair of boots (melded)
 x - a cursed +0 large shield
 E - a +0 shield
 H - a +0 helmet
Jewellery
 i - an amulet of the gourmand (around neck)
 n - an uncursed ring of flight
 F - a ring of protection from fire (right front leg)
 G - a ring of stealth (left front leg)
Wands
 u - a wand of polymorph (12/24)
Scrolls
 j - a scroll of recharging
 o - a scroll of enchant armour
 r - 5 scrolls of teleportation {unknown}
 y - a scroll of magic mapping {unknown}
 D - 3 scrolls of remove curse
Potions
 h - a potion of agility
 s - a potion of heal wounds
 t - a potion of brilliance
 v - 3 potions of curing
 w - 2 potions of degeneration {unknown}
 B - 2 potions of lignification {unknown}
 I - a potion of berserk rage {unknown}
 J - a potion of invisibility {unknown}
Books
 c - a book of Changes

   Spells                             Type                      Level
   a - Beastly Appendage              Transmutation                1
   b - Sticks to Snakes               Transmutation                2
   c - Spider Form                    Transmutation/Poison         3
   d - Ice Form                       Ice/Transmutation            4
   e - Blade Hands                    Transmutation                5
Comestibles
 d - 7 bread rations
 z - 3 royal jellies
 A - 3 meat rations
 C - 7 fruits


   Skills:
 * Level 4.6 Fighting
 * Level 5.1 Dodging
 + Level 4.4 Stealth
 + Level 4.8 Unarmed Combat
 + Level 4.3 Spellcasting
 + Level 4.4 Transmutations
 + Level 4.1 Poison Magic


You had 12 spell levels left.
You knew the following spells:

 Your Spells              Type           Power        Failure   Level  Hunger
a - Beastly Appendage     Tmut           ###...       10%         1    None
b - Spider Form           Tmut/Pois      ###.......   22%         3    ###....


Dungeon Overview and Level Annotations

Branches:
Dungeon (7/15)             Temple (1/1) D:6

Altars:
Ashenzari
Cheibriados
Dithmenos
Fedhas
Gozag
Hepliaklqana
Kikubaaqudgha
Makhleb
Nemelex Xobeh
Okawaru
Ru
Trog
Vehumet
Wu Jian
Xom
Yredelemnul
Zin
The Shining One


Innate Abilities, Weirdness & Mutations

((You have razor-sharp teeth.))
Your natural rate of healing is unusually fast.
When hurt, damage is shared between your health and your magic reserves.
((Your bite disrupts and absorbs the magic of your enemies.))
Potions cannot restore your health.
You are immune to rotting.
((You have a pair of small antennae on your head.))
(You are partially covered in rugged brown scales. (AC +1, +3% HP))


Message History

There is a stone staircase leading up here.
The five-headed hydra bites you.
The five-headed hydra bites you but does no damage.
The five-headed hydra bites you! x2
* * * LOW HITPOINT WARNING * * *
The five-headed hydra closely misses you.
The adder closely misses you.
You climb upwards.
There is a stone staircase leading down here.
Casting: Spider Form
Confirm with . or Enter, or press ? or * to list all spells.
You turn into a venomous arachnid creature.
Your +5 whip of flaming melds into your body.
Your +1 pair of boots melds into your body.
Your +0 robe melds into your body.
Your +5 whip of flaming stops flaming.
The adder misses you.
The five-headed hydra barely misses you.
The five-headed hydra misses you. The five-headed hydra bites you!
You die...
Kikubaaqudgha rasps: "You have failed me!
Welcome... death!"

.......##<....#..#
#......##.......#####
###....##...........#
#....##........###
#..............##
###....?...####...##
..........## ##.#.#
..####.....# #S###
.#####.#...## ##s#
......###...###D##
#.....# #.....#.#
..########......##
..# #≈≈≈.##......#
.## ##≈≈≈.#....###
#####∩_...'..###.#
##.###≈≈≈.#..###.#
...##≈≈≈.####....##


You could see a five-headed hydra and an adder.

Vanquished Creatures
  Pikel (D:4)
  2 orc warriors (D:6)
  A black bear (D:6)
  2 ogres
  A phantom (D:4)
  Blork the orc (D:4)
  A bullfrog (D:6)
  5 crimson imps
  2 quasits (D:7)
  A centaur zombie (D:5)
  A jelly (D:4)
  A centaur skeleton (D:6)
  2 hounds
  3 orc wizards
  2 iguanas
  5 worker ants
  11 adders
  2 shadow imps
  2 oozes
  2 adder skeletons
  2 worms (D:2)
  2 dart slugs
  A leopard gecko (D:3)
  14 orcs
  2 ball pythons
  7 bats
  5 giant cockroaches
  9 goblins
  13 hobgoblins
  2 quokkas (D:2)
  A ball python skeleton (D:4)
  6 frilled lizards
  9 kobolds
  A leopard gecko skeleton (D:3)
  2 quokka zombies
  4 rats
128 creatures vanquished.

Vanquished Creatures (others)
  A slave (D:4)
  An iguana (D:7)
  2 worker ants (D:4)
  A howler monkey skeleton (D:4)
  An ooze (D:4)
6 creatures vanquished.

Grand Total: 134 creatures vanquished

Notes
Turn   | Place    | Note
-------+----------+-------------------------------------------
     0 | D:1      | roguesci the Vine Stalker Transmuter began the quest for the Orb.
     0 | D:1      | Reached XP level 1. HP: 9/9 MP: 4/4
   272 | D:1      | Found a shimmering altar of Xom.
   336 | D:1      | Reached skill level 1 in Fighting
   462 | D:1      | Reached XP level 2. HP: 7/14 MP: 1/6
  1099 | D:1      | Reached skill level 2 in Dodging
  1101 | D:1      | Reached XP level 3. HP: 12/18 MP: 7/7
  1221 | D:1      | Learned a level 3 spell: Spider Form
  1576 | D:2      | You fall through a shaft for 2 floors!
  1608 | D:4      | Reached skill level 1 in Stealth
  1608 | D:4      | Gained mutation: Your natural rate of healing is unusually fast. [Vine Stalker growth]
  1608 | D:4      | Reached XP level 4. HP: 1/22 MP: 0/8
  1722 | D:4      | Noticed Blork the orc
  1729 | D:4      | Killed Blork the orc
  1729 | D:4      | Reached skill level 1 in Poison Magic
  1729 | D:4      | Reached XP level 5. HP: 26/26 MP: 5/9
  1910 | D:4      | Noticed Pikel
  1910 | D:4      | Noticed a slave
  1910 | D:4      | Noticed a slave
  1910 | D:4      | Noticed a slave
  1910 | D:4      | Noticed a slave
  1930 | D:4      | Killed Pikel
  1930 | D:4      | Reached skill level 3 in Dodging
  1930 | D:4      | Reached XP level 6. HP: 32/32 MP: 7/12
  1930 | D:4      | Reached XP level 7. HP: 36/36 MP: 7/13
  2241 | D:2      | Found a blossoming altar of Fedhas.
  2501 | D:2      | Found a blossoming altar of Fedhas.
  2969 | D:2      | Found a sacrificial altar of Ru.
  3884 | D:4      | Gained mutation: You have razor-sharp teeth. [Vine Stalker growth]
  3884 | D:4      | Reached XP level 8. HP: 22/40 MP: 6/14
  3923 | D:4      | Reached skill level 4 in Dodging
  4335 | D:5      | Entered Level 5 of the Dungeon
  4618 | D:5      | Found a shattered altar of Ashenzari.
  5006 | D:6      | Found a staircase to the Ecumenical Temple.
  5015 | Temple   | Entered the Ecumenical Temple
  5155 | Temple   | Became a worshipper of Kikubaaqudgha
  5182 | D:6      | Found an iron altar of Okawaru.
  5545 | D:6      | Found an opulent altar of Gozag.
  5653 | D:6      | Found a burning altar of Makhleb.
  6261 | D:6      | Reached XP level 9. HP: 45/45 MP: 16/16
  6828 | D:7      | Reached skill level 5 in Dodging
  7199 | D:7      | Found a basalt altar of Yredelemnul.
  7264 | D:7      | Noticed a seven-headed hydra
  7369 | D:7      | Noticed a five-headed hydra
  7372 | D:7      | Gained mutation: You are partially covered in rugged brown scales. (AC +1, +3% HP) [potion of mutation]
  7372 | D:7      | Gained mutation: You have a pair of small antennae on your head. [potion of mutation]
  7490 | D:6      | Slain by a five-headed hydra

Vault maps used:
D:1:      minmay_arrival_four_houses, xom_teletrap_fun
D:2:      lemuel_upstairs_altar, fedhas_altar_2,
          nicolae_ru_great_annihilating_truth
D:3:      minmay_misc_feat_nine_boxes
D:4:      first_bread, minivault_14, uniq_blork_the_orc, uniq_pikel
D:5:      evilmike_ruin_ashenzari
D:6:      makhleb_grotto_becter, okawaru_trees_2, nicolae_gozag_seed_capital,
          minmay_temple_entry_mist
D:7:      minmay_the_grid_square_5x5_3x3, marbit_many_paths
Temple:   dshaligram_water_room_temple

Skill      XL: |  1  2  3  4  5  6  7  8  9 |
---------------+----------------------------+-----
Fighting       | 1 3 4 |  4.6
Dodging        | 2 3 4 5 |  5.1
Stealth        | 1 2 3 4 |  4.4
Poison Magic   | 1 3 4 |  4.1
Spellcasting   | 3 4 |  4.3
Transmutations | 3 4 |  4.4
Unarmed Combat | 4 |  4.8

Action                   |  1- 3 |  4- 6 |  7- 9 || total
-------------------------+-------+-------+-------++-------
Melee: Unarmed           |    77 |    40 |   490 ||   607
       Bite              |    10 |     3 |    73 ||    86
       Kick              |     3 |       |       ||     3
       Headbutt          |     4 |       |       ||     4
       Punch             |     1 |     2 |     7 ||    10
Throw: Stone             |       |       |    10 ||    10
 Cast: Beastly Appendage |     7 |       |       ||     7
       Spider Form       |     1 |     5 |    24 ||    30
  Use: Scroll            |     3 |     1 |    10 ||    14
       Potion            |       |     3 |     4 ||     7
 Stab: Sleeping          |       |     2 |    11 ||    13
       Distracted        |       |       |     1 ||     1
       Paralysed         |       |       |     1 ||     1
  Eat: Chunk             |     5 |     2 |    22 ||    29
Armor: Robe              |     9 |     1 |    62 ||    72
       Skin              |       |     1 |     6 ||     7
Dodge: Dodged            |    41 |    27 |   370 ||   438
